 Dungeon Crawl Stone Soup version 0.31.0-4-g52a2dc7128 (webtiles) character file.

Game seed: 15786119754268327325

3083 Deca the Grappler (level 9, -4/93 HPs)
             Began as a Troll Berserker on Jan 22, 2024.
             Was an Elder of Trog.
             Slain by a human
             ... wielding a +0 war axe
              (8 damage)
             ... in a bailey.
             The game lasted 00:26:07 (5033 turns).

Deca the Grappler (Troll Berserker)                 Turns: 5033, Time: 00:26:08

Health: -4/93      AC: 10    Str: 33    XL:     9   Next: 58%
Magic:  8/8        EV: 11    Int:  3    God:    Trog [****..]
Gold:   347        SH:  0    Dex:  9    Spells: 8/8 levels left

rFire   . .          .
                       - Unarmed
rCold   . . .        (no shield)
rNeg    . . .        k - +3 robe of the Slimy God {Str+2}
rPois   .            (helmet restricted)
rElec   .            b - +2 cloak
rCorr   .            (gloves unavailable)
SInv    .            (boots unavailable)
Will    .....        (no amulet)
Stlth   +            (no ring)
HPRegen 1.15/turn    (no ring)
MPRegen 0.11/turn

%: no passive effects
@: mighty, studying Maces & Flails
A: large, unfitting armour, claws 3, regeneration 1, shaggy fur 1, tough skin 1
a: Renounce Religion, Berserk, Trog's Hand, Brothers in Arms


You were in a bailey.
You worshipped Trog.
Trog was greatly pleased with you.
You visited 1 branch of the dungeon, and saw 7 of its levels.
You also visited: Bailey.

You collected 347 gold pieces.

Inventory:

Armour
 b - a +2 cloak (worn)
 k - the +3 robe of the Slimy God (worn) {Str+2}
   (You found it on level 5 of the Dungeon)

   Str+2:     It affects your strength (+2).
Jewellery
 d - a ring of resist corrosion
 g - a ring of protection from cold
Wands
 e - a wand of flame (27)
 h - a wand of digging (5)
Scrolls
 f - a scroll of teleportation
 m - 2 scrolls of blinking
Potions
 a - 3 potions of enlightenment {unknown}
 c - 2 potions of might
 i - a potion of attraction {unknown}
 j - a potion of cancellation


   Skills:
 * Level 7.0 Fighting
 * Level 6.9 Dodging
 * Level 8.3 Unarmed Combat


You had 8 spell levels left.
You didn't know any spells.
Your spell library contained the following spells:

 Spells                   Type           Power      Damage    Failure   Level
 Apportation              Tloc           0%         N/A       52%         1
 Necrotise                Necr           0%         1d4       52%         1
 Slow                     Hex            0%         N/A       52%         1
 Sting                    Conj/Alch      0%         1d3       52%         1
 Summon Small Mammal      Summ           0%         N/A       52%         1
 Ensorcelled Hibernation  Hex/Ice        0%         N/A       67%         2
 Mercury Vapours          Alch/Air       0%         N/A       67%         2
 Confusing Touch          Hex            0%         N/A       88%         3
 Fugue of the Fallen      Necr           0%         N/A       88%         3
 Sigil of Binding         Hex            0%         N/A       88%         3
 Vampiric Draining        Necr           0%         2d6       88%         3
 Anguish                  Hex/Necr       0%         N/A       99%         4
 Olgreb's Toxic Radiance  Alch           0%         N/A       99%         4
 Ozocubu's Refrigeration  Ice            0%         4d7       100%        7
 Discord                  Hex            0%         N/A       100%        8


Dungeon Overview and Level Annotations

Branches:
Dungeon (7/15)             Temple (0/1) D:5          Bailey (1/1)

Altars:
Dithmenos
Gozag
Trog
Yredelemnul

Portals:
Abyss: D:6


Innate Abilities, Weirdness & Mutations

You are too large for most types of armour.
You have claws for hands.
Your natural rate of healing is unusually fast.
You are covered in fur. (AC +1)
You have tough skin. (AC +1)


Message History

The human is moderately wounded.
The human hits you with a +0 war axe! The human hits you with a +0 war axe.
You closely miss the human.
The human is moderately wounded.
The human misses you. The human completely misses you.
You claw the human!
The human is severely wounded.
You completely miss the human.
The human is severely wounded.
The human barely misses you. The human hits you with a +0 war axe.
You miss the human.
The human is severely wounded.
The human hits you but does no damage. The human closely misses you.
You scratch the human but do no damage.
The human is severely wounded.
The human hits you with a +0 war axe.
* * * LOW HITPOINT WARNING * * *
The human misses you.
You scratch the human.
The human is severely wounded.
The human barely misses you. The human hits you with a +0 war axe!
* * * LOW HITPOINT WARNING * * *
You feel very mighty all of a sudden. The human hits you with a +0 war axe.
* * * LOW HITPOINT WARNING * * *
The human hits you with a +0 war axe!
* * * LOW HITPOINT WARNING * * *
You mangle the human!!
You kill the human!
Trog accepts your kill. The human hits you but does no damage.
Your Fighting skill increases to level 7!
You barely miss the human. The human hits you with a +0 war axe.
* * * LOW HITPOINT WARNING * * *
You claw the human!
The human is moderately wounded.
You scratch the human.
The human is heavily wounded.
The human hits you with a +0 war axe!
You die...

~~~##...##
~~~~#....## #####
~~~~+.....##
##...##~~~~#......
#..∩..'~~~##....
#....)######..#
≈≈≈ #..∩..)....#'#
≈≈~~~~
##...##....)p#
~~~~~~
#####.....@.#
≈~~~~~
#...#######≈~....
#..##..#≈≈≈~...~.
#...#..#.........
#...#..g..~~~~...
##†.)..#~~≈≈≈≈~g.
##....#≈≈####≈≈~
#########


You could see a human.

Vanquished Creatures
  A hellwing (D:6)
  Sigmund (D:4)
  The ghost of Gottschkopf the Trooper, an amateur MiFi of Makhleb (D:6)
  A small abomination (D:6)
  5 humans (Bailey)
  Menkaure (D:4)
  A black bear (D:5)
  An ice beast (D:7)
  A phantom (D:5)
  A gnoll sergeant (D:6)
  8 bullfrogs (Bailey)
  3 scorpions
  A howler monkey (D:5)
  A bombardier beetle (D:5)
  A crimson imp (D:6)
  2 jellies
  2 orc priests
  A hound (D:5)
  A sleepcap (D:5)
  2 iguanas
  Terence (D:2)
  Natasha (twice) (D:2)
  An orc wizard (D:6)
  4 adders
  3 gnolls (D:2)
  A shadow imp (D:6)
  A white imp (D:3)
  4 dart slugs
  2 ribbon worms (D:3)
  13 orcs
  5 endoplasms
  3 giant cockroaches
  7 hobgoblins
  3 jackals (D:2)
  5 quokkas
  7 ball pythons
  3 bats
  3 frilled lizards
  11 goblins
  12 kobolds
  5 rats (D:1)
132 creatures vanquished.

Notes
Turn   | Place    | Note
-------+----------+-------------------------------------------
     0 | D:1      | Deca the Troll Berserker began the quest for the Orb.
     0 | D:1      | Reached XP level 1. HP: 22/22 MP: 0/0
    89 | D:1      | Reached XP level 2. HP: 12/29 MP: 1/1
   273 | D:1      | Reached ** piety under Trog
   290 | D:1      | Reached XP level 3. HP: 36/36 MP: 2/2
   412 | D:1      | You fall into a shaft and drop 1 floor!
   569 | D:2      | Noticed Natasha
   581 | D:2      | Killed Natasha
   626 | D:2      | Noticed Terence
   636 | D:2      | Killed Terence
   637 | D:2      | Reached XP level 4. HP: 24/45 MP: 3/3
   717 | D:2      | Reached skill level 4 in Unarmed Combat
   773 | D:2      | Reached XP level 5. HP: 53/53 MP: 4/4
  1576 | D:2      | Noticed Natasha
  1585 | D:2      | Killed Natasha
  1754 | D:3      | HP: 2/53 [acid (8)]
  1870 | D:3      | Found a bloodstained altar of Trog.
  1887 | D:3      | Reached *** piety under Trog
  2398 | D:3      | Reached XP level 6. HP: 62/62 MP: 5/5
  2457 | D:4      | Noticed Menkaure
  2457 | D:4      | Found a shadowy altar of Dithmenos.
  2467 | D:4      | Killed Menkaure
  2496 | D:4      | Found an opulent altar of Gozag.
  2622 | D:4      | Noticed Sigmund
  2639 | D:4      | Killed Sigmund
  2640 | D:4      | Reached skill level 5 in Unarmed Combat
  2640 | D:4      | Reached XP level 7. HP: 40/71 MP: 6/6
  3050 | D:5      | Entered Level 5 of the Dungeon
  3099 | D:5      | Found a basalt altar of Yredelemnul.
  3336 | D:5      | Found a staircase to the Ecumenical Temple.
  3428 | D:5      | Reached skill level 5 in Fighting
  3481 | D:5      | Reached skill level 5 in Dodging
  3481 | D:5      | Reached skill level 6 in Unarmed Combat
  3623 | D:5      | Reached XP level 8. HP: 75/80 MP: 7/7
  3699 | D:5      | Identified the +3 robe of the Slimy God {Str+2}
  3924 | D:6      | Reached **** piety under Trog
  4104 | D:6      | Noticed a hellwing
  4105 | D:6      | Found a transporter.
  4108 | D:6      | Noticed Gottschkopf's ghost (amateur MiFi)
  4144 | D:6      | Found a transporter.
  4148 | D:6      | Found a one-way gate to the infinite horrors of the Abyss.
  4368 | D:6      | Killed a hellwing
  4370 | D:6      | HP: 3/83 [gnoll sergeant/+2 trident of distortion (5)]
  4523 | D:6      | Reached skill level 7 in Unarmed Combat
  4587 | D:6      | Killed Gottschkopf's ghost
  4763 | D:7      | Found a flagged portal.
  4831 | Bailey   | Entered a bailey
  4846 | Bailey   | Reached XP level 9. HP: 32/89 MP: 8/8
  4960 | Bailey   | Reached skill level 8 in Unarmed Combat
  5031 | Bailey   | HP: 2/93 [human/+0 war axe (5)]
  5033 | Bailey   | Slain by a human

Illustrated notes

Levels and vault maps discovered:
D:1:      scummos_arrival_simple_crosswalls, layout_rooms, minmay_cut_off
D:2:      layout_basic, minmay_pentomino_o4, uniq_terence, uniq_natasha
D:3:      layout_rooms, trog_three_pillars_becter, roderic_lattice_a,
          minmay_misc_feat_five, st_stairs_1
D:4:      layout_cave_pools, nicolae_overflow_crystal_walls,
          nicolae_gozag_seed_capital, uniq_sigmund, uniq_menkaure
D:5:      layout_basic, lemuel_crystal_altar, minmay_temple_entry_statues
D:6:      layout_basic, gammafunk_ghost_abyssal_escape,
          serial_library_hellmonk_big_corner
D:7:      layout_basic, enter_bailey_8, uniq_pikel
Bailey:   bailey_axe_froggy_fort_hellmonk, bailey

Skill      XL: |  1  2  3  4  5  6  7  8  9 |
---------------+----------------------------+-----
Fighting       | 3 4 5 6 7 |  7.0
Dodging        | 3 4 5 6 |  6.9
Unarmed Combat | 4 5 6 7 8 |  8.3

Action                     |  1- 3 |  4- 6 |  7- 9 || total
---------------------------+-------+-------+-------++-------
  Melee: Unarmed           |    88 |   125 |   211 ||   424
         Punch             |     2 |     1 |     3 ||     6
  Evoke: Wand              |       |       |     1 ||     1
    Use: Scroll            |     4 |     4 |     4 ||    12
         Potion            |     1 |     3 |     2 ||     6
 Armour: Animal skin       |    74 |    96 |    39 ||   209
         Robe              |       |       |   134 ||   134
  Dodge: Dodged            |    62 |    55 |   131 ||   248
